Map: Thunderbird LE

Players

Mez

  • Race: Terran Terran
  • League: Master
  • Spawn Location: 11:00

Gremory - Winner!

  • Race: Zerg Zerg
  • League: Master
  • Spawn Location: 5:00

VOD

Have the link to the VOD?

Description

Time

  • Played on: Aug. 22, 2019, 6:34 a.m.
  • Length: 20:36
Show
View Real Time Build Order
Export as new Build Order

Mez Terran 

Build Orders: Reaper Expand 

Get SALT Encoding   

  12  0:00  SCV  
  13  0:13  SCV  
  14  0:18  Supply Depot  
  14  0:25  SCV  
  15  0:40  SCV  
  16  0:43  Barracks  
  16  0:47  Refinery  
  16  0:52  SCV  
  17  1:04  SCV  
  18  1:18  SCV  
  19  1:30  Reaper  
  19  1:32  Orbital Command  
  20  1:42  Command Center  
  20  1:51  Supply Depot  
  20  2:02  Marine  
  20  2:04  SCV  
  22  2:16  SCV, Factory  
  23  2:26  Barracks Reactor  
  23  2:29  SCV  
  24  2:31  Refinery  
  24  2:47  SCV  
  25  2:58  Orbital Command  
  25  3:00  SCV  
  25  3:03  Starport  
  26  3:10  Hellion  
  26  3:11  Hellion  
  30  3:13  SCV  
  30  3:15  Barracks Tech Lab  
  30  3:17  Supply Depot  
  31  3:25  SCV  
  31  3:26  SCV  
  33  3:33  Hellion x2  
  37  3:37  SCV  
  37  3:39  SCV  
  39  3:43  Viking  
  39  3:48  Marine  
  41  3:50  SCV  
  41  3:51  SCV, Supply Depot  
  41  3:54  Stimpack  
  43  4:06  Marine  
  44  4:12  Factory Reactor  
  44  4:15  Barracks x2  
  44  4:23  Marine  
  45  4:27  Starport Reactor  
  45  4:32  SCV  
  46  4:40  SCV  
  46  4:41  Marine  
  46  4:43  Command Center  
  46  4:44  SCV, Supply Depot  
  49  4:56  SCV x2  
  49  4:59  Marine  
  52  5:01  Factory Tech Lab, Engineering Bay  
  52  5:04  Engineering Bay  
  52  5:06  Marine x2  
  54  5:08  SCV, Medivac x2  
  54  5:11  Supply Depot  
  54  5:13  Marine  
  54  5:14  Marine  
  61  5:17  Marine  
  61  5:20  SCV x2  
  64  5:22  Refinery  
  64  5:24  Marine, Refinery  
  61  5:43  Marine x5, Siege Tank  
  61  5:44  SCV x2  
  71  5:52  Supply Depot  
  71  5:56  SCV x2  
  73  6:01  Marine x3  
  76  6:06  Marine x2  
  76  6:08  SCV  
  76  6:09  SCV  
  76  6:10  Terran Infantry Armor Level 1, Terran Infantry Weapons Level 1  
  81  6:16  Orbital Command  
  80  6:18  Marine  
  80  6:19  Marine  
  80  6:20  Supply Depot  
  80  6:21  Supply Depot  
  80  6:22  Marine  
  80  6:24  Marine, Siege Tank  
  87  6:26  Supply Depot  
  87  6:33  SCV x2  
  88  6:45  SCV  
  83  6:55  Marine x5  
  83  6:56  Siege Tank  
  83  7:00  SCV x3  
  94  7:02  Armory  
  94  7:03  Barracks x2  
  94  7:04  Supply Depot  
  94  7:13  Marine x4  
  94  7:14  Medivac x2  
  102  7:18  SCV x3  
  102  7:21  Supply Depot  
  105  7:30  SCV x3  
  105  7:31  Marine x3  
  105  7:32  Marine x2  
  113  7:39  Supply Depot  
  113  7:40  Supply Depot x2  
  113  7:42  SCV x2  
  115  7:49  Marine  
  115  7:50  Marine x4  
  122  7:52  Barracks Reactor x2  
  122  7:53  Siege Tank  
  122  7:57  Factory  
  122  7:58  Supply Depot, Refinery  
  123  7:59  Refinery  
  123  8:07  Marine  
  124  8:16  Terran Infantry Armor Level 2, Terran Infantry Weapons Level 2  
  124  8:18  Terran Vehicle Weapons Level 1  
  124  8:22  Marine x2  
  124  8:23  Marine x2  
  124  8:24  Medivac  
  124  8:25  Marine, Siege Tank  
  133  8:49  Marine x9  
  133  8:51  Factory Tech Lab, Medivac  
  144  8:57  Siege Tank  
  130  9:07  Marine  
  101  9:14  Marine x8  
  101  9:16  Siege Tank  
  111  9:20  Barracks x3  
  111  9:23  Command Center  
  111  9:24  Marine  
  111  9:29  Siege Tank  
  115  9:32  Marine x8  
  115  9:34  Medivac x2  
  127  9:48  Siege Tank  
  127  9:49  Marine, Supply Depot  
  127  9:50  Marine x3  
  134  9:54  Supply Depot  
  134  10:09  Marine x5  
  134  10:10  Barracks Reactor x2  
  137  10:19  Barracks Reactor, Barracks Tech Lab x2  
  137  10:20  Marine x4, Siege Tank x2  
  146  10:21  Medivac x2  
  146  10:27  Marine, Supply Depot x2  
  151  10:44  Terran Infantry Weapons Level 3  
  151  10:46  Refinery  
  151  10:47  Starport  
  151  10:48  Starport  
  148  10:53  Refinery  
  146  11:00  Marine x10  
  136  11:15  Marine x3  
  136  11:17  Marine  
  136  11:18  Marine x6  
  107  11:22  Marine  
  107  11:23  Marine x2  
  107  11:26  Planetary Fortress  
  106  11:35  Marine x3  
  106  11:39  Combat Shield  
  107  11:41  Siege Tank x2  
  107  11:44  Starport Reactor, Starport Tech Lab  
  111  11:58  Medivac x2  
  115  12:08  Marine x10  
  116  12:10  Marauder x2  
  129  12:22  Siege Tank x2  
  135  12:30  Marine x10  
  135  12:35  Command Center  
  139  12:54  Marine  
  139  12:55  Marine x7  
  139  12:56  Siege Tank x2, Marauder x2  
  157  12:59  Liberator  
  157  13:00  Liberator  
  157  13:12  Command Center  
  157  13:19  Command Center  
  161  13:25  Fusion Core  
  161  13:38  Supply Depot  
  161  13:40  Supply Depot  
  167  13:41  Marauder x3  
  167  13:46  Ghost Academy  
  167  13:54  Liberator x3  
  167  13:58  SCV  
  167  13:59  SCV x3  
  171  14:11  SCV x4  
  184  14:22  Sensor Tower  
  184  14:27  Marauder x2  
  184  14:28  Sensor Tower  
  187  14:42  Liberator x2  
  187  14:43  Liberator x3  
  187  14:51  Concussive Shells  
  185  14:52  Terran Infantry Armor Level 3  
  200  15:09  Orbital Command  
  200  15:11  Orbital Command  
  200  15:23  Command Center  
  200  15:32  Planetary Fortress  
  200  15:42  Terran Ship Weapons Level 1, Personal Cloaking  
  200  15:46  Refinery x2, Advanced Ballistics  
  200  16:00  Orbital Command  
  174  16:27  SCV  
  174  16:28  SCV x5  
  180  16:37  Ghost x3  
  186  16:43  SCV x4  
  190  16:54  SCV x2  
  192  17:05  Medivac x2  
  192  17:06  Medivac x2  
  192  17:07  Enhanced Shockwaves  
  192  17:29  Supply Depot  
  192  17:30  Supply Depot  
  192  17:31  Supply Depot  
  176  17:40  Marine x2, Marauder  
  176  17:41  Marine, Marauder x2  
  159  18:02  Marauder  
  161  18:09  Command Center  
  161  18:18  Command Center  
  158  18:22  Command Center  
  158  18:23  Command Center  
  137  18:29  Viking x5  
  137  18:30  Marine x2  
  142  18:37  Marine x2  
  135  18:51  Marine x4  
  139  18:58  Marine  
  139  18:59  Viking  
  109  19:25  Orbital Command  
  109  19:28  Marine x5  
  59  19:41  Marine  
  59  19:46  Marine x3  
Show
View Real Time Build Order
Export as new Build Order

Gremory Zerg - Winner!

Build Orders: Hatch First 

Get SALT Encoding   

  12  0:01  Drone  
  13  0:12  Overlord  
  13  0:18  Drone  
  14  0:31  Drone x2  
  16  0:38  Drone  
  17  0:53  Hatchery  
  16  0:58  Drone  
  16  0:59  Drone  
  18  1:12  Extractor  
  18  1:14  Spawning Pool  
  18  1:16  Drone  
  17  1:19  Drone  
  18  1:29  Drone  
  19  1:47  Drone  
  20  1:57  Hatchery  
  20  2:01  Queen  
  21  2:06  Queen  
  23  2:10  Zergling x4  
  25  2:17  Overlord  
  25  2:24  Metabolic Boost  
  25  2:30  Overlord  
  25  2:36  Drone x2  
  26  2:45  Drone x2  
  28  2:53  Spore Crawler  
  28  2:57  Drone  
  29  3:02  Drone x3  
  29  3:03  Drone  
  33  3:06  Pneumatized Carapace  
  33  3:13  Drone  
  33  3:17  Queen  
  37  3:23  Drone x3  
  37  3:25  Drone  
  40  3:28  Drone  
  40  3:33  Queen  
  43  3:55  Overlord, Drone  
  43  3:56  Drone x6  
  43  4:02  Evolution Chamber  
  49  4:03  Overlord  
  49  4:07  Queen  
  50  4:10  Overlord  
  50  4:15  Zergling x10  
  55  4:21  Zergling x8  
  55  4:22  Extractor  
  55  4:23  Drone  
  59  4:28  Zerg Ground Armor Level 1, Drone  
  60  4:32  Drone  
  60  4:33  Drone x2  
  63  4:40  Drone x4  
  63  4:42  Queen  
  69  4:49  Overlord  
  69  4:50  Overlord  
  69  4:58  Overlord  
  69  5:07  Queen, Evolution Chamber  
  69  5:09  Extractor  
  69  5:15  Drone  
  69  5:16  Drone x8  
  69  5:18  Lair  
  73  5:37  Drone x7  
  76  5:44  Baneling Nest, Drone x5  
  76  5:45  Hatchery  
  76  5:47  Extractor  
  78  5:54  Drone x4  
  82  5:57  Overlord  
  82  5:58  Overlord  
  82  6:04  Overlord x3  
  82  6:06  Hatchery  
  81  6:15  Zergling x2  
  81  6:16  Zergling x8  
  86  6:20  Zergling x6  
  86  6:21  Zerg Melee Weapons Level 1  
  86  6:25  Zergling x6  
  90  6:31  Zergling x8  
  96  6:36  Centrifical Hooks, Zergling x2  
  92  6:49  Zergling x4  
  92  6:50  Zergling x14  
  101  6:56  Baneling x6  
  102  7:01  Drone x2  
  102  7:02  Spore Crawler, Drone x2  
  102  7:04  Spore Crawler  
  103  7:11  Zergling x4  
  103  7:12  Zergling x4  
  107  7:17  Hydralisk Den, Extractor  
  107  7:20  Infestation Pit  
  104  7:23  Zergling x10  
  109  7:31  Zergling x4  
  109  7:32  Zergling x4, Baneling x3  
  113  7:39  Zergling x10  
  113  7:40  Overlord x2  
  113  7:41  Overlord x2  
  118  7:45  Baneling x2  
  118  7:46  Baneling  
  118  7:51  Muscular Augments  
  118  7:55  Zerg Ground Armor Level 2  
  118  8:00  Drone x4  
  118  8:01  Hydralisk x3, Drone x6  
  118  8:04  Overlord x5  
  134  8:05  Baneling  
  134  8:06  Baneling x10  
  134  8:19  Spore Crawler  
  133  8:22  Hydralisk x6, Spore Crawler  
  133  8:24  Spore Crawler, Extractor  
  142  8:31  Hydralisk x2  
  142  8:33  Zergling x18  
  142  8:34  Zergling x4  
  158  8:41  Zergling x18  
  158  8:47  Zergling x12  
  170  8:54  Overlord, Hive  
  170  8:55  Overlord  
  153  9:03  Grooved Spines  
  153  9:09  Zergling x2  
  147  9:10  Zergling x34  
  147  9:12  Baneling x5  
  147  9:13  Baneling  
  159  9:28  Zergling x18  
  166  9:37  Burrow  
  166  9:51  Hatchery  
  165  9:57  Overlord x5  
  165  10:07  Overlord x2  
  165  10:10  Adrenal Glands  
  165  10:11  Zerg Melee Weapons Level 2, Zerg Ground Armor Level 3  
  164  10:15  Ultralisk Cavern  
  164  10:18  Overlord  
  163  10:21  Overseer  
  163  10:23  Baneling x9  
  163  10:24  Baneling  
  163  10:44  Baneling x8  
  163  10:45  Baneling  
  163  10:46  Zergling x4, Baneling x5  
  163  10:47  Zergling x68  
  199  10:52  Baneling x3  
  199  10:58  Drone  
  199  11:01  Zergling x6  
  179  11:14  Zergling x2  
  179  11:15  Zergling x34  
  179  11:16  Chitinous Plating  
  175  11:19  Hydralisk  
  175  11:20  Hydralisk  
  177  11:29  Baneling  
  177  11:30  Ultralisk  
  183  11:33  Drone x12  
  183  11:35  Drone  
  183  11:36  Drone  
  190  11:52  Hydralisk x5  
  200  12:05  Baneling x18  
  200  12:23  Baneling x3  
  200  12:29  Spire  
  199  12:32  Extractor  
  199  12:33  Extractor  
  199  12:35  Extractor  
  199  12:36  Spore Crawler  
  195  12:38  Spore Crawler  
  195  12:39  Spore Crawler  
  192  13:10  Spore Crawler  
  191  13:14  Spore Crawler  
  188  13:20  Overseer x3  
  188  13:22  Zerg Melee Weapons Level 3  
  188  13:23  Zerg Missile Weapons Level 1  
  188  13:44  Overlord x2  
  188  13:52  Spine Crawler  
  187  13:58  Spore Crawler, Spine Crawler  
  187  14:00  Spore Crawler x2, Spine Crawler x2, Drone x9  
  187  14:01  Overlord  
  187  14:02  Overlord  
  190  14:06  Greater Spire  
  190  14:08  Spire  
  189  14:12  Viper x3  
  198  14:19  Baneling x15  
  191  15:16  Baneling x3  
  191  15:17  Baneling x2  
  191  15:20  Zerg Flyer Weapons Level 1  
  191  15:23  Zerg Flyer Armor Level 1  
  191  15:27  Extractor  
  190  15:30  Nydus Network  
  188  15:51  Hatchery  
  175  16:13  Corruptor  
  175  16:14  Corruptor x19  
  196  16:20  Zergling x6  
  199  16:47  Overseer  
  199  16:53  Baneling x5  
  199  16:55  Overseer  
  199  16:57  Overlord, Pathogen Glands  
  199  16:59  Overseer x2  
  199  17:00  Overseer  
  199  17:02  Overseer x2  
  184  17:54  Neural Parasite  
  180  18:06  Nydus Canal  
  180  18:08  Zergling x2  
  180  18:09  Zergling x36  
  199  18:14  Zergling x2  
  199  18:15  Zergling x2  
  159  18:46  Zergling x86  
  199  19:05  Baneling  
  199  19:06  Baneling x13  
  199  19:07  Baneling  
  199  19:08  Baneling x47  
  199  19:09  Baneling x10  
  197  19:10  Baneling x2  
  197  19:16  Zergling x16  
  183  19:28  Zergling x2, Ultralisk  
  164  19:33  Zergling x2, Ultralisk  
  164  19:34  Zergling x58  
  200  19:51  Hatchery  
  198  19:57  Baneling x4  
  198  19:58  Baneling  
  199  20:00  Zergling x4  
  199  20:03  Baneling x11  
  199  20:04  Baneling x9  
  199  20:05  Baneling x11  
  198  20:07  Baneling  
  198  20:08  Baneling x46  
  198  20:09  Zergling x4  
Tags
 
Add a new tag
Caveats
  • Supply blocks, unpowered buildings, or Contaminate may cause inaccurate times.
  • Supply counts are checked every 10 seconds.